Map: 16-Bit LE

Players

BootyJorts - Winner!

  • Race: Zerg Zerg
  • League: Diamond
  • Spawn Location: 7:00

NesS

  • Race: Terran Terran
  • League: Master
  • Spawn Location: 1:00

VOD

Have the link to the VOD?

Description

Time

  • Played on: June 1, 2018, 12:54 a.m.
  • Length: 16:22
Show
View Real Time Build Order
Export as new Build Order

BootyJorts Zerg - Winner!

Build Orders: Hatch First, Lurkers 

Get SALT Encoding   

  12  0:01  Drone  
  13  0:13  Overlord  
  13  0:18  Drone  
  14  0:31  Drone x2  
  14  0:35  Drone  
  17  0:55  Hatchery  
  16  0:57  Drone  
  16  1:01  Drone  
  18  1:15  Extractor  
  18  1:18  Spawning Pool  
  16  1:21  Drone  
  16  1:24  Drone  
  18  1:28  Drone  
  19  1:39  Overlord  
  19  1:51  Drone  
  20  2:04  Queen  
  20  2:05  Zergling x2  
  20  2:07  Queen  
  20  2:08  Zergling x2  
  26  2:16  Drone  
  26  2:18  Drone  
  28  2:35  Hatchery  
  27  2:37  Metabolic Boost  
  27  2:40  Drone  
  28  2:49  Drone x3  
  31  2:52  Overlord  
  32  2:58  Drone  
  32  3:03  Queen  
  32  3:05  Drone  
  35  3:08  Drone  
  36  3:13  Overlord  
  36  3:32  Drone x5  
  36  3:33  Overlord  
  41  3:43  Drone  
  41  3:44  Drone  
  43  3:49  Queen  
  45  3:55  Queen  
  45  3:57  Drone x4  
  45  3:58  Overlord  
  45  4:01  Pneumatized Carapace  
  51  4:14  Drone  
  51  4:15  Drone x4  
  56  4:24  Drone  
  56  4:25  Drone x2  
  59  4:31  Baneling Nest  
  59  4:33  Evolution Chamber  
  59  4:34  Evolution Chamber  
  59  4:35  Spore Crawler  
  55  4:40  Queen  
  55  4:41  Drone  
  55  4:42  Spore Crawler, Drone x5  
  55  4:43  Drone  
  63  4:48  Lair  
  63  4:50  Overlord  
  63  4:57  Zergling x6  
  63  4:59  Overlord x2  
  66  5:13  Zergling x16  
  74  5:17  Baneling x4  
  74  5:25  Zergling x2  
  74  5:26  Zergling x14  
  73  5:37  Drone  
  73  5:38  Drone x5  
  79  5:43  Extractor  
  79  5:44  Extractor  
  79  5:49  Overlord x2  
  77  5:53  Extractor x2  
  77  5:54  Extractor  
  77  5:56  Hatchery  
  73  6:00  Extractor  
  73  6:03  Drone x3  
  75  6:04  Drone x2  
  75  6:05  Drone  
  75  6:07  Drone x4  
  75  6:08  Drone  
  75  6:09  Centrifical Hooks  
  83  6:13  Extractor, Hatchery  
  81  6:24  Spore Crawler  
  80  6:26  Spore Crawler x2  
  78  6:35  Zergling x2  
  78  6:36  Zergling x22  
  78  6:39  Zerg Melee Weapons Level 1  
  90  6:45  Overlord  
  90  6:46  Overlord  
  90  6:50  Baneling x7  
  90  7:03  Hydralisk Den  
  90  7:04  Zergling x14  
  96  7:08  Baneling  
  96  7:09  Baneling x5  
  96  7:10  Baneling  
  96  7:14  Zerg Ground Armor Level 1  
  96  7:26  Queen  
  96  7:27  Drone x3  
  96  7:28  Drone x2  
  96  7:29  Drone  
  104  7:34  Grooved Spines  
  104  7:48  Hydralisk x5  
  114  7:56  Infestation Pit  
  113  8:02  Overseer  
  113  8:04  Overlord x2  
  113  8:21  Hydralisk  
  113  8:22  Hydralisk x6  
  127  8:32  Evolution Chamber  
  126  8:42  Hive  
  126  8:44  Lurker Den  
  126  8:45  Pathogen Glands, Muscular Augments  
  126  8:46  Hydralisk x2  
  126  8:47  Hydralisk  
  131  8:50  Drone x2  
  133  9:09  Drone x4  
  137  9:11  Drone  
  137  9:12  Drone x4  
  137  9:14  Overlord x2  
  137  9:15  Overlord  
  142  9:26  Baneling x8  
  141  9:39  Spire  
  141  9:40  Hydralisk x5  
  150  9:49  Drone x3  
  153  9:54  Nydus Network  
  152  10:16  Hydralisk x7  
  152  10:19  Overlord x3  
  152  10:20  Overlord x2  
  166  10:32  Spore Crawler  
  166  10:33  Overlord x4  
  165  10:43  Lurker  
  165  10:44  Lurker x6  
  165  10:46  Baneling  
  165  10:47  Baneling x3  
  172  11:03  Corruptor x6  
  184  11:09  Greater Spire  
  174  11:20  Zergling x10  
  174  11:21  Zergling x16  
  178  11:45  Zergling x2  
  178  11:46  Zergling x38  
  173  11:50  Corruptor  
  160  12:01  Zergling x2  
  160  12:02  Zergling x20  
  160  12:08  Nydus Canal  
  169  12:14  Drone  
  169  12:15  Drone x3  
  162  12:18  Drone  
  162  12:22  Brood Lord  
  164  12:23  Brood Lord x2  
  168  12:34  Brood Lord x2  
  172  12:41  Brood Lord x2  
  173  12:54  Hydralisk x2  
  171  12:58  Zergling x2  
  171  12:59  Zergling x4  
  171  13:01  Hatchery  
  151  13:06  Drone  
  151  13:07  Drone x6  
  143  13:29  Baneling x7  
  143  13:30  Baneling x7  
  143  13:31  Infestor  
  143  13:32  Infestor x4  
  153  13:35  Nydus Canal  
  153  13:42  Infestor x3  
  159  13:50  Drone  
  159  13:51  Drone x7  
  164  14:09  Zergling x10  
  166  14:10  Zergling x22  
  169  14:24  Neural Parasite  
  169  14:55  Burrow  
  169  14:59  Baneling x10  
  169  15:02  Hatchery  
  169  15:17  Corruptor x3  
  169  15:43  Hydralisk x9  
  169  15:44  Hydralisk x4  
Show
View Real Time Build Order
Export as new Build Order

NesS Terran 

Build Orders: Reaper Expand, MMM Bio 

Get SALT Encoding   

  12  0:00  SCV  
  13  0:13  SCV  
  14  0:18  Supply Depot  
  14  0:25  SCV  
  15  0:39  SCV  
  15  0:42  Barracks  
  16  0:46  Refinery  
  16  0:51  SCV  
  17  1:03  SCV  
  18  1:15  SCV  
  19  1:29  Orbital Command  
  19  1:31  Reaper  
  20  1:42  Command Center  
  20  1:54  SCV  
  21  2:03  Supply Depot  
  21  2:04  Barracks Reactor  
  21  2:06  SCV  
  22  2:15  Barracks  
  22  2:18  SCV  
  23  2:29  Factory  
  23  2:31  Refinery, SCV  
  23  2:43  SCV, Marine x2  
  26  2:55  Orbital Command  
  26  2:59  SCV  
  26  3:00  Marine  
  26  3:01  Marine  
  29  3:08  Barracks Tech Lab  
  29  3:13  SCV  
  29  3:16  Starport  
  29  3:17  Factory Reactor  
  29  3:19  Marine  
  31  3:21  Marine  
  31  3:25  SCV x2  
  34  3:34  Stimpack  
  34  3:37  SCV x2  
  34  3:40  Marine  
  34  3:41  Marine x2  
  39  3:51  Supply Depot  
  39  3:52  SCV x2  
  39  3:54  Supply Depot  
  41  4:00  Marine x3  
  44  4:04  SCV x2  
  46  4:13  Medivac  
  46  4:15  Supply Depot, Medivac  
  46  4:16  Supply Depot  
  50  4:21  Marine x3  
  53  4:24  SCV x2  
  55  4:36  SCV x2  
  57  4:39  Marine x3  
  57  4:40  Supply Depot  
  57  4:44  Supply Depot  
  60  4:48  SCV  
  60  4:49  SCV, Medivac x2  
  66  5:00  SCV  
  66  5:01  SCV  
  66  5:05  Supply Depot  
  68  5:07  Marine x2  
  68  5:09  Marine, Command Center  
  68  5:13  SCV  
  60  5:41  Marine x3  
  60  5:50  Factory Tech Lab  
  60  5:51  Medivac x2  
  60  5:52  SCV x2  
  60  5:54  Refinery  
  60  5:56  Engineering Bay, Combat Shield  
  66  5:58  Refinery  
  66  5:59  Engineering Bay, Marine  
  67  6:04  SCV x2  
  67  6:05  Barracks x2  
  67  6:06  Barracks  
  69  6:16  SCV, Marine x2  
  69  6:17  Marine  
  73  6:27  Terran Infantry Weapons Level 1  
  73  6:28  Terran Infantry Armor Level 1  
  73  6:32  Orbital Command  
  73  6:33  Marine  
  73  6:37  Marine x2, Barracks  
  73  6:38  Barracks  
  73  6:39  Siege Tank  
  79  6:50  Orbital Command  
  79  6:51  Marine  
  79  6:52  Liberator  
  80  6:58  Armory  
  80  7:03  Marine  
  80  7:04  Marine  
  80  7:05  Barracks Reactor x2  
  80  7:06  Barracks Tech Lab  
  82  7:09  Marine  
  86  7:21  Marine x2  
  88  7:28  SCV  
  88  7:29  SCV x2  
  91  7:30  Marine x2  
  91  7:33  Siege Tank  
  91  7:35  Barracks Tech Lab  
  91  7:36  Barracks Tech Lab  
  96  7:40  Marauder, SCV  
  96  7:41  SCV x2  
  101  7:44  Marine  
  101  7:45  Marine x4, Command Center  
  101  7:49  Marauder  
  108  7:52  Supply Depot  
  108  7:53  SCV x2  
  108  7:54  Supply Depot  
  108  7:57  SCV  
  111  8:01  Marauder  
  111  8:05  SCV x2  
  115  8:07  Marine x5  
  115  8:08  Marine  
  115  8:10  Marauder  
  115  8:11  Marauder  
  125  8:14  Marauder  
  125  8:17  Supply Depot  
  127  8:26  Terran Infantry Armor Level 2, Terran Infantry Weapons Level 2  
  127  8:28  Terran Vehicle Weapons Level 1  
  127  8:29  Supply Depot  
  127  8:32  Unknown  
  127  8:33  Refinery  
  127  8:35  Marine x2  
  127  8:36  Marine x5  
  127  8:37  Marauder x2  
  127  8:39  Supply Depot  
  138  8:42  SCV x3  
  138  8:43  Refinery  
  141  8:54  SCV  
  137  9:04  Marine x4  
  137  9:05  Marauder, Supply Depot x2, Marine x2  
  137  9:06  Marauder, Orbital Command  
  147  9:11  Marine x2  
  147  9:15  Siege Tank  
  152  9:21  Missile Turret  
  152  9:22  Concussive Shells, Marine x3  
  155  9:27  Marauder x2, Ghost Academy  
  155  9:28  Medivac  
  155  9:29  Medivac  
  160  9:44  Orbital Command, Marine x4  
  160  9:45  Marine x2  
  168  9:46  Marauder x2  
  168  9:48  Marauder, Siege Tank  
  168  9:50  Supply Depot x2  
  175  9:53  Unknown  
  175  9:58  Marine  
  176  10:02  Marine x4  
  176  10:04  Personal Cloaking  
  176  10:06  Marine, Ghost  
  183  10:07  Marauder, Marine  
  183  10:09  Ghost  
  188  10:15  Ghost  
  188  10:20  Marine  
  191  10:22  Siege Tank  
  194  10:54  Marine x5  
  194  10:55  Marine  
  200  11:10  Liberator  
  190  11:23  Marine  
  190  11:24  Marine x5  
  190  11:25  Marauder x2  
  200  11:38  Terran Infantry Armor Level 3, Terran Infantry Weapons Level 3  
  177  11:49  Marine x6  
  177  11:50  Marauder x3  
  177  11:51  Marauder  
  184  12:06  Siege Tank, Marine  
  184  12:07  Marine x5  
  193  12:11  Marauder  
  193  12:12  Marauder x2  
  194  12:27  Marine x5  
  172  12:38  Siege Tank  
  172  12:41  Marine x2  
  132  12:55  Marine x4  
  132  12:56  Marauder, Marine x2  
  132  12:57  Marauder  
  131  12:59  Marauder  
  131  13:00  Medivac x2  
  115  13:12  Missile Turret  
  96  13:17  Marine x2  
  97  13:22  Marine x3  
  99  13:30  Medivac  
  99  13:31  Viking  
  99  13:32  Marine x3  
  99  13:33  Marine x2  
  108  13:37  Marine x2  
  108  13:39  Siege Tank  
  108  13:40  Marine x3  
  116  13:48  Command Center  
  116  13:51  Marauder x4  
  121  14:00  Viking  
  121  14:01  Viking  
  118  14:04  Marine x5  
  98  14:11  Siege Tank  
  98  14:12  Marauder x3  
Tags
 
Add a new tag
Caveats
  • Supply blocks, unpowered buildings, or Contaminate may cause inaccurate times.
  • Supply counts are checked every 10 seconds.